 Dungeon Crawl Stone Soup version 0.30-a0-652-gcc886f7154 (webtiles) character file.

Game seed: 9095979195573505718

114 Dittersdorf the Covered (level 4, -1/29 HPs)
             Began as a Gargoyle Fighter on Jan 17, 2023.
             Slain by a gnoll
             ... wielding a +0 flail
              (3 damage)
             ... on level 2 of the Dungeon.
             The game lasted 00:02:09 (1389 turns).

Dittersdorf the Covered (Gargoyle Fighter)          Turns: 1389, Time: 00:02:09

Health: -1/29      AC: 14    Str: 21    XL:     4   Next: 97%
Magic:  4/4        EV:  6    Int:  9    God:
Gold:   74         SH:  8    Dex:  9    Spells: 3/3 levels left

rFire   . . .      SeeInvis .    a - +0 flail
rCold   . . .      Faith    .    j - +0 kite shield
rNeg    + . .      Spirit   .    c - +0 chain mail
rPois   ∞          Reflect  .    h - +0 helmet
rElec   +          Harm     .    (no cloak)
rCorr   .          Rampage  .    (no gloves)
Will    .....                    (no boots) Stlth
                                 (no amulet)
HPRegen 0.24/turn                (no ring)
MPRegen 0.09/turn                (no ring)

@: no status effects
A: sickness immunity, AC +3, negative energy resistance 1, electricity
resistance, torment resistance 1, petrification resistance
a: no special abilities


You were on level 2 of the Dungeon.
You visited 1 branch of the dungeon, and saw 3 of its levels.

You collected 74 gold pieces.

Inventory:

Hand Weapons
 a - a +0 flail (weapon)
Armour
 c - a +0 chain mail (worn)
 h - a +0 helmet (worn)
 j - a +0 kite shield (worn)
Scrolls
 e - a scroll of fear {unknown}
 k - 2 scrolls of teleportation {unknown}
 m - a scroll of vulnerability {unknown}
Potions
 b - a potion of degeneration {unknown}
 d - 2 potions of might
 f - 2 potions of curing {unknown}
 g - a potion of flight {unknown}
 i - a potion of haste {unknown}
 l - a potion of lignification {unknown}
 n - a potion of brilliance {unknown}


   Skills:
 + Level 4.1 Fighting
 + Level 2.9 Maces & Flails
 + Level 4.1 Armour
 + Level 4.1 Shields


You had 3 spell levels left.
You didn't know any spells.
Your spell library was empty.

Dungeon Overview and Level Annotations

Branches:
Dungeon (3/15)

Altars:


Innate Abilities, Weirdness & Mutations

You are immune to sickness and miasma.
Your stone body is resilient. (AC +3)
You are immune to poison.
You resist negative energy. (rN+)
You are resistant to electric shocks. (rElec)
You are resistant to unholy torment.
You are immune to petrification.


Message History

The gnoll hits you with a +0 whip. The gnoll hits you but does no damage.
You barely miss the gnoll. You block the gnoll's attack.
The gnoll completely misses you. The gnoll hits you but does no damage.
The gnoll hits you with a +0 flail. The gnoll hits you but does no damage.
You closely miss the gnoll. The gnoll hits you with a +0 flail.
You block the gnoll's attack. The gnoll closely misses you.
You are too injured to fight recklessly!
You are too injured to fight recklessly!
You are too injured to fight recklessly!
You are too injured to fight recklessly!
You are too injured to fight recklessly!
You are too injured to fight recklessly!
You are too injured to fight recklessly!
You are too injured to fight recklessly!
You are too injured to fight recklessly!
You are too injured to fight recklessly!
You are too injured to fight recklessly!
You barely miss the gnoll. You block the gnoll's attack.
The gnoll hits you with a +0 whip.
You sock the gnoll!
The gnoll is heavily wounded.
You block the gnoll's attack. x3; The gnoll hits you with a +0 flail.
The gnoll barely misses you.
You barely miss the gnoll.
The gnoll is heavily wounded.
You block the gnoll's attack. The gnoll hits you with a +0 flail.
* * * LOW HITPOINT WARNING * * *
The gnoll hits you but does no damage.
You barely miss the gnoll.
The gnoll is heavily wounded.
The gnoll barely misses you.
The gnoll hits you with a +1 heavy spear.
* * * LOW HITPOINT WARNING * * *
The gnoll hits you but does no damage. The gnoll closely misses you.
The gnoll hits you with a +0 whip.
* * * LOW HITPOINT WARNING * * *
You hit the gnoll.
The gnoll is severely wounded.
You block the gnoll's attack. The gnoll hits you with a +0 flail.
You die...

#.......##.#..#######........##
#.......##....# ##.........
#...........#.# #.....#...
#.......###.#.##### #....####.
#........#........####...## #.
#......................#.#####.
#.......#.........######.......
##########....g)....######.....
#....@g..#.........^..
#...g....#######......
####.....................
#...........#####........
#.##.(.............#.....
#.##........####...#.....
##.###.#...### ##.####...#
#......#.#.#####..####.###
#........#.#.....#.....#..


You could see 3 gnolls.

Vanquished Creatures
  An iguana (D:2)
  2 adders
  A gnoll (D:2)
  A worm (D:1)
  4 dart slugs
  An orc (D:3)
  4 ball pythons
  5 bats
  6 endoplasms
  2 giant cockroaches (D:1)
  3 goblins
  2 hobgoblins (D:2)
  2 jackals (D:1)
  3 quokkas (D:1)
  2 frilled lizards (D:1)
  5 kobolds
  4 rats (D:1)
48 creatures vanquished.

Notes
Turn   | Place    | Note
-------+----------+-------------------------------------------
     0 | D:1      | Dittersdorf the Gargoyle Fighter began the quest for the
                  | Orb.
     0 | D:1      | Reached XP level 1. HP: 14/14 MP: 1/1
   186 | D:1      | Reached XP level 2. HP: 16/19 MP: 2/2
   385 | D:1      | Reached XP level 3. HP: 23/23 MP: 3/3
   890 | D:2      | Reached XP level 4. HP: 29/29 MP: 4/4
   931 | D:2      | Identified the +1 robe "Viawaim" {Fly MP+9 Str+2 SInv}
  1388 | D:2      | HP: 1/29 [gnoll/+0 whip (2)]
  1389 | D:2      | Slain by a gnoll

Illustrated notes

Levels and vault maps discovered:
D:1:      dpeg_arrival_chambers_temple_mockup, layout_rooms
D:2:      layout_rooms
D:3:      layout_basic, nicolae_ecumenical_snake_handling

Skill      XL: |  1  2  3 |
---------------+----------+-----
Fighting       | 4 |  4.1
Armour         | 4 |  4.1
Shields        | 4 |  4.1
Maces & Flails | |  2.9

Action                   |  1- 3 |  4- 6 || total
-------------------------+-------+-------++-------
Melee: Flail             |   124 |    63 ||   187
Armor: Scale mail        |    53 |       ||    53
       Chain mail        |    15 |    53 ||    68
Dodge: Dodged            |    68 |    29 ||    97
Block: Buckler           |    11 |       ||    11
       Kite shield       |    33 |    41 ||    74

Table legend: (Time is in decaauts)
 A = Elapsed time spent in this place.
 B = Non-inter-level travel time spent in this place.
 C = Inter-level travel time spent in this place.
 D = Time resting spent in this place.
 E = Time spent auto-exploring this place.
 F = Levels seen in this place.
 G = Mean time per level.
                   A        B        C        D        E       F      G
               +--------+--------+--------+--------+--------+-----+--------+
         Total |   1467 |   1408 |     59 |     79 |    833 |   3 |  489.0 |
       Dungeon |   1467 |   1408 |     59 |     79 |    833 |   3 |  489.0 |
               +--------+--------+--------+--------+--------+-----+--------+

Top non-repeatable levels by time:
     D:1: 726 daAuts
     D:2: 544 daAuts
     D:3: 196 daAuts
